 Dungeon Crawl Stone Soup version 0.27-a0-828-g8289197e94 (webtiles) character file.

Game seed: 9286182125338313209

30024 polve the Transmogrifier (level 13, -11/150 HPs)
             Began as a Red Draconian Transmuter on Mar 30, 2021.
             Mangled by a thrashing horror (12 damage)
             ... on level 2 of the Abyss.
             The game lasted 00:50:56 (24128 turns).

polve the Transmogrifier (DrTm)                    Turns: 24128, Time: 00:50:57

Health: -11/150    AC:  8    Str: 13    XL:     13   Next: 18%
Magic:  16/16      EV: 10    Int: 19    God:
Gold:   834        SH:  0    Dex: 17    Spells: 2/16 levels left

rFire    . . .     SeeInvis .     - Unarmed
rCold    . . .     Faith    .   (shield currently unavailable)
rNeg     . . .     Spirit   .   (armour unavailable)
rPois    +         Reflect  .   (helmet currently unavailable)
rElec    .         Harm     .   (cloak currently unavailable)
rCorr    .         Rampage  .   (gloves currently unavailable)
Will     .....                  (boots currently unavailable)
Stlth    ++........             (no amulet)
HPRegen  0.35/turn              y - +6 ring of dexterity
MPRegen  0.15/turn              (no ring)

@: hydra-form
A: fast swimmer, devour, amphibious, boosted hp, (breathe fire), AC +8, very
large, unfitting armour, (fire resistance 1), (cold-blooded)
a: End Transformation


You were on level 2 of the Abyss.
You were a five-headed hydra.
You visited 4 branches of the dungeon, and saw 18 of its levels.
You visited the Abyss 1 time.

You collected 1099 gold pieces.
You spent 265 gold pieces at shops.

Inventory:

Hand Weapons
 a - a +4 spectral quarterstaff (melded)
Armour
 g - a +0 pair of boots (melded)
 j - a +0 pair of gloves (melded)
 w - the +0 cloak of the Stonemason (melded) {*Drain rPois Int+2}
   (You bought it in a shop on level 6 of the Dungeon)

   It affects your intelligence (+2).
   It protects you from poison.
   It drains your maximum health when unequipped.
 L - a +2 hat of willpower (melded)
Jewellery
 t - a ring of flight
 y - a +6 ring of dexterity (left foreclaw)
 K - a ring of ice
 M - a ring of poison resistance
Wands
 l - a wand of random effects (23)
 m - a wand of charming (7)
 n - a wand of flame (30)
 z - a wand of iceblast (9)
 B - a wand of acid (16)
 C - a wand of polymorph (7)
 F - a wand of mindburst (16)
 G - a wand of digging (7)
 H - a wand of paralysis (4)
Scrolls
 c - a scroll of fog
 k - a scroll of enchant armour
 o - 4 scrolls of amnesia
 q - a scroll of blinking
 s - a scroll of silence
 u - 5 scrolls of teleportation
 D - a scroll of holy word {unknown}
 E - 2 scrolls of identify
Potions
 b - a potion of magic {unknown}
 d - a potion of might
 e - a potion of resistance {unknown}
 f - 5 potions of attraction
 h - a potion of heal wounds
 p - 4 potions of curing
 r - 5 potions of lignification
 v - 2 potions of invisibility {unknown}
 x - a potion of mutation {unknown}
 A - 2 potions of brilliance
 I - 2 potions of berserk rage {unknown}
 J - 2 potions of flight {unknown}
 N - a potion of ambrosia {unknown}
 O - a potion of cancellation {unknown}
Miscellaneous
 i - a condenser vane


   Skills:
 - Level 11.4 Fighting
 + Level 9.3 Staves
 + Level 5.6 Dodging
 - Level 5.6 Unarmed Combat
 - Level 2.0 Spellcasting
 - Level 4.0 Conjurations
 - Level 4.0 Translocations
 - Level 13.0 Transmutations
 - Level 4.0 Air Magic
 - Level 4.0 Poison Magic
 - Level 4.0 Evocations


You had 2 spell levels left.
You knew the following spells:

 Your Spells              Type           Power      Damage    Failure   Level
a - Beastly Appendage     Tmut           100%       N/A       1%          1
b - Blink                 Tloc           N/A        N/A       4%          2
c - Corona                Hex            1%         N/A       17%         1
d - Mephitic Cloud        Conj/Pois/Air  17%        N/A       10%         3
w - Wereblood             Tmut           51%        N/A       1%          2
y - Hydra Form            Tmut           25%        N/A       2%          5

Your spell library contained the following spells:

 Spells                   Type           Power      Damage    Failure   Level
 Apportation              Tloc           34%        N/A       3%          1
 Magic Dart               Conj           68%        1d6       3%          1
 Poisonous Vapours        Pois/Air       34%        N/A       4%          2
 Animate Skeleton         Necr           2%         N/A       17%         1
 Summon Small Mammal      Summ           4%         N/A       17%         1
 Call Imp                 Summ           1%         N/A       26%         2
 Slow                     Hex            1%         N/A       26%         2
 Spider Form              Tmut/Pois      17%        N/A       1%          3
 Ice Form                 Ice/Tmut       26%        N/A       12%         4
 Conjure Flame            Conj/Fire      9%         6-21      22%         3
 Freezing Cloud           Conj/Ice/Air   6%         6-21      100%        6


Dungeon Overview and Level Annotations

Branches:
Dungeon (11/15)            Temple (1/1) D:4            Lair (5/6) D:10
 Shoals (0/4) Lair:3        Snake (0/4) Lair:3        Slime (1/5) Lair:5
    Orc: D:9-12

Altars:
Ashenzari
Cheibriados
Dithmenos
Elyvilon
Fedhas
Gozag
Hepliaklqana
Kikubaaqudgha
Makhleb
Nemelex Xobeh
Okawaru
Qazlal
Ru
Sif Muna
Trog
Uskayaw
Vehumet
Wu Jian
Xom
Yredelemnul
Zin
The Shining One

Shops:
D:5 [   D:6 [=   D:9 *   D:10 !

Portals:
Ice
Cave: D:11

Annotations:
D:7 1 runed translucent door, Sphara's ghost, novice OpNe
D:11 Erolcha
Lair:5 2 runed translucent doors


Innate Abilities, Weirdness & Mutations

You are a five-headed hydra.
You swim very quickly.
You can devour living enemies to heal.
You are amphibious.
Your maximum health is greatly increased.
Your armour is entirely melded.
You are incapable of wielding weapons or throwing items.
((You can breathe blasts of fire.))
((Your fiery red scales are hard. (AC +8)))
You cannot fit into any form of body armour.
((Your flesh is heat resistant. (rF+)))
((You are cold-blooded and may be slowed by cold attacks.))


Message History

You destroy the large abomination!
The thrashing horror tramples you but does no damage.
The thrashing horror tramples you!
You hold your ground!
You bite the thrashing horror!
The thrashing horror is moderately damaged.
The thrashing horror tramples you!
You hold your ground!
The thrashing horror misses you. The thrashing horror barely misses you.
The thrashing horror tramples you.
You hold your ground!
You swing at nothing.
The thrashing horror tramples you.
You hold your ground!
The thrashing horror misses you.
You gouge the thrashing horror!!
The thrashing horror is almost destroyed.
The thrashing horror churns violently!
The thrashing horror seems to grow stronger.
The thrashing horror tramples you.
You hold your ground!
The thrashing horror tramples you.
You hold your ground!
You barely miss the thrashing horror.
The thrashing horror is almost destroyed.
The thrashing horror tramples you!
You hold your ground!
The thrashing horror tramples you!
You hold your ground!
The thrashing horror tramples you!!
* * * LOW HITPOINT WARNING * * *
You hold your ground!
The thrashing horror tramples you but does no damage.
You nip at the thrashing horror but do no damage.
The thrashing horror is almost destroyed.
The thrashing horror closely misses you. x2
You barely miss the thrashing horror.
The thrashing horror is almost destroyed.
The thrashing horror tramples you!!
* * * LOW HITPOINT WARNING * * *
You hold your ground!
The thrashing horror tramples you but does no damage.
You start resting.
The thrashing horror tramples you!
* * * LOW HITPOINT WARNING * * *
You hold your ground!
The thrashing horror barely misses you.
You bite the thrashing horror!
The thrashing horror is almost destroyed.
The thrashing horror tramples you!
You die...

..# #.. ##. .
#.. .. .
..... #.. #.#
#. .#.. #.#
..# ....#..#.
.#..#
...#....#
.#.. .
.....#...##.#
. . .
.......X.##.
... .......
.#D.## #...
.#..###.#
...#####.# .#
... #..# #.
.....# #..#
.# # ... #.
.. ... X.
##.. ##.. #..
.. .. #.


You could see a thrashing horror (strong).

Vanquished Creatures
  Rupert (Lair:5)
  Gastronok (Lair:1)
  Harold (D:11)
  4 hydras
  A two-headed ogre (D:10)
  8 elephants
  An oklob plant (Lair:3)
  Maurice (D:8)
  Maggie (D:10)
  4 cane toads
  Joseph (D:7)
  2 rime drakes
  4 komodo dragons
  A kobold demonologist (D:11)
  A polar bear (Lair:2)
  A troll (D:6)
  Grinder (D:6)
  14 blink frogs
  A large abomination (Abyss:2)
  3 shadows
  2 wyverns
  4 basilisks
  2 wraiths
  21 yaks
  A steam dragon (D:7)
  2 nagas (Lair:3)
  2 acid dragons
  5 water moccasins
  8 orc warriors
  2 black bears
  2 sky beasts
  9 ice beasts
  A necrophage (D:5)
  4 centaurs
  2 ogres
  12 wolves
  A phantom (D:5)
  Blork the orc (D:4)
  13 bullfrogs
  5 scorpions
  A water moccasin skeleton (D:6)
  5 wights
  A howler monkey (D:9)
  An electric eel (Lair:5)
  4 jellies
  A quasit (Abyss:2)
  5 centaur zombies
  2 hounds (D:6)
  4 orc priests
  2 centaur skeletons
  Crazy Yiuf (D:7)
  3 iguanas
  9 orc wizards
  A killer bee zombie (D:8)
  A hound skeleton (D:4)
  A gnoll (D:2)
  6 adders
  2 shadow imps
  A white imp (D:5)
  2 ufetubi
  2 worms
  7 dart slugs
  27 orcs
  A bat zombie (D:2)
  12 endoplasms
  2 giant cockroaches (D:2)
  6 goblins
  13 hobgoblins
  11 jackals
  5 quokkas
  3 ball pythons
  7 bats
  3 frilled lizards
  7 kobolds
  8 rats
318 creatures vanquished.

Vanquished Creatures (others)
  An orc (D:6)
  45 fungi
  71 plants
117 creatures vanquished.

Grand Total: 435 creatures vanquished

Notes
Turn   | Place    | Note
-------+----------+-------------------------------------------
     0 | D:1      | polve the Draconian Transmuter began the quest for the Orb.
     0 | D:1      | Reached XP level 1. HP: 16/16 MP: 3/3
   273 | D:1      | Reached XP level 2. HP: 12/23 MP: 3/5
   495 | D:1      | Reached skill level 3 in Transmutations
   537 | D:1      | You fall into a shaft and drop 1 floor!
   872 | D:1      | You fall into a shaft and drop 1 floor!
  1178 | D:1      | Reached XP level 3. HP: 28/28 MP: 4/6
  1893 | D:2      | Reached skill level 4 in Transmutations
  2360 | D:2      | Reached XP level 4. HP: 35/35 MP: 5/7
  2997 | D:3      | Reached skill level 5 in Transmutations
  3365 | D:3      | Reached XP level 5. HP: 37/40 MP: 8/8
  3999 | D:3      | Learned a level 2 spell: Wereblood
  4083 | D:4      | Noticed Blork the orc
  4090 | D:4      | Killed Blork the orc
  4091 | D:4      | Reached skill level 6 in Transmutations
  4228 | D:4      | Reached XP level 6. HP: 43/47 MP: 6/9
  4488 | D:4      | Found a staircase to the Ecumenical Temple.
  5046 | D:5      | Entered Level 5 of the Dungeon
  5058 | D:5      | Reached skill level 7 in Transmutations
  5129 | D:5      | Noticed a sky beast
  5142 | D:5      | Killed a sky beast
  5212 | D:5      | Found Xiwiem's Armour Shoppe.
  5263 | D:5      | Your scales start taking on a fiery red colour.
  5263 | D:5      | Reached XP level 7. HP: 50/52 MP: 8/10
  5263 | D:5      | Gained mutation: Your flesh is heat resistant. (rF+) [Red
                  | Draconian growth]
  5291 | D:5      | Reached skill level 8 in Transmutations
  5628 | D:5      | Reached skill level 9 in Transmutations
  5707 | D:5      | Learned a level 2 spell: Blink
  5713 | D:5      | Learned a level 5 spell: Hydra Form
  5799 | D:5      | Reached skill level 1 in Translocations
  6283 | D:5      | Reached XP level 8. HP: 54/59 MP: 11/11
  6324 | Temple   | Entered the Ecumenical Temple
  6527 | D:6      | Noticed Grinder
  6538 | D:6      | Paralysed by Grinder for 2 turns
  6556 | D:6      | Paralysed by Grinder for 4 turns
  6567 | D:6      | Killed Grinder
  6755 | D:6      | Noticed a troll
  6864 | D:6      | Found Qugrabb Xuor's Armour Shoppe.
  7104 | D:6      | Bought the +0 cloak of the Stonemason {*Drain rPois Int+2}
                  | for 157 gold pieces
  7482 | D:6      | Reached skill level 10 in Transmutations
  8229 | D:6      | Found Tiru Riu's Jewellery Shoppe.
  8258 | D:6      | Killed a troll
  8259 | D:6      | Reached skill level 11 in Transmutations
  8259 | D:6      | Reached XP level 9. HP: 41/64 MP: 6/12
  8527 | D:6      | Found an opulent altar of Gozag.
  8528 | D:6      | Found a blossoming altar of Fedhas.
  9427 | D:7      | Learned a level 1 spell: Beastly Appendage
  9596 | D:7      | Noticed Joseph
  9701 | D:7      | Killed Joseph
  9702 | D:7      | Reached skill level 12 in Transmutations
 10303 | D:7      | Reached skill level 13 in Transmutations
 10705 | D:7      | Found a runed translucent door.
 10706 | D:7      | Noticed Crazy Yiuf
 10725 | D:7      | Found a runed translucent door.
 10725 | D:7      | Noticed Sphara's ghost (novice OpNe)
 10925 | D:7      | Killed Crazy Yiuf
 11260 | D:8      | Reached XP level 10. HP: 78/78 MP: 7/13
 12000 | D:8      | Noticed Maurice
 12008 | D:8      | Killed Maurice
 12009 | D:8      | Reached skill level 5 in Fighting
 12084 | D:9      | Found Yfremille's Assorted Antiques.
 12461 | D:9      | Bought a scroll labelled TAHOTT FAELLA for 24 gold pieces
 12461 | D:9      | Bought a scroll labelled SYSCHIY FIURONGAN for 24 gold
                  | pieces
 12996 | D:9      | Noticed a two-headed ogre
 13515 | D:10     | Entered Level 10 of the Dungeon
 13515 | D:10     | Noticed a two-headed ogre
 13525 | D:10     | Killed a two-headed ogre
 14035 | D:10     | Noticed an elephant
 14067 | D:10     | Killed an elephant
 14068 | D:10     | Reached skill level 10 in Fighting
 14572 | D:10     | Found a staircase to the Lair.
 14597 | D:10     | Reached XP level 11. HP: 95/101 MP: 9/14
 14603 | D:10     | Noticed Maggie
 14848 | D:10     | Killed Maggie
 15179 | D:10     | Found Baogur's Distillery.
 15189 | D:10     | Bought a potion of heal wounds for 60 gold pieces
 15332 | D:10     | Found a bloodstained altar of Trog.
 15743 | D:10     | Learned a level 3 spell: Mephitic Cloud
 15778 | Lair:1   | Entered Level 1 of the Lair of Beasts
 15864 | Lair:1   | Noticed Gastronok
 15992 | Lair:1   | Killed Gastronok
 17035 | Lair:1   | Noticed a five-headed hydra
 17333 | Lair:1   | Killed a five-headed hydra
 17334 | Lair:1   | Reached skill level 5 in Unarmed Combat
 17919 | Lair:2   | Noticed a four-headed hydra
 17964 | Lair:2   | Reached skill level 1 in Staves
 17976 | Lair:2   | Reached XP level 12. HP: 30/110 MP: 6/15
 18537 | Lair:2   | Killed a four-headed hydra
 18538 | Lair:2   | Reached skill level 5 in Staves
 18746 | Lair:2   | Noticed a four-headed hydra
 18762 | Lair:2   | Killed a four-headed hydra
 19509 | Lair:3   | Found a staircase to the Shoals.
 19695 | Lair:3   | Reached skill level 1 in Evocations
 20446 | Lair:3   | Found a staircase to the Snake Pit.
 22028 | Lair:4   | Noticed a seven-headed hydra
 22036 | Lair:4   | Killed a seven-headed hydra
 22455 | Lair:5   | Found a large runed translucent door.
 22455 | Lair:5   | Found a large runed translucent door.
 22464 | Lair:5   | Noticed a catoblepas
 22472 | Lair:5   | Noticed a death yak
 22473 | Lair:5   | Noticed a death yak
 22474 | Lair:5   | Noticed a death yak
 22755 | Lair:5   | Found a staircase to the Slime Pits.
 22868 | Lair:5   | Noticed Rupert
 22881 | Lair:5   | HP: 7/143 [Rupert/+3 antimagic great sword (22)]
 22882 | Lair:5   | Killed Rupert
 22883 | Lair:5   | Reached XP level 13. HP: 25/116 MP: 0/16
 23240 | Slime:1  | Entered Level 1 of the Pits of Slime
 23465 | D:11     | Reached skill level 5 in Dodging
 23473 | D:11     | Noticed Harold
 23482 | D:11     | Killed Harold
 23719 | D:11     | Found a frozen archway.
 23963 | D:11     | Learned a level 1 spell: Corona
 24054 | D:11     | Noticed Erolcha
 24065 | D:11     | Cast into level 2 of the Abyss (Erolcha)
 24127 | Abyss:2  | HP: 1/150 [thrashing horror (14)]
 24128 | Abyss:2  | Mangled by a thrashing horror

Illustrated notes

Levels and vault maps discovered:
D:1:      kennysheep_arrival_seaside, layout_basic
D:2:      layout_loops_ring, minmay_divided_ellipse
D:3:      minmay_octagon_keep, layout_basic
D:4:      layout_gridville, minmay_temple_entry_glass, uniq_blork_the_orc
D:5:      layout_basic, serial_shops, shop
D:6:      layout_rooms, minitemple, serial_shops, nicolae_shop_trees,
          kennysheep_mini_moat, grunt_decor_arrowhead, lightli_minifort,
          uniq_grinder
D:7:      layout_loops_ring, gammafunk_ghost_grave,
          minmay_misc_feat_more_columns, uniq_joseph, uniq_crazy_yiuf_cottage
D:8:      layout_loops_ring, uniq_maurice
D:9:      layout_cross, serial_shops, shop
D:10:     layout_basic, david_lair_generic, serial_shops,
          nicolae_shop_waterfront, trog_book, uniq_maggie
D:11:     layout_layer_cave, portal_ice_cave_entry_ice_beasts,
          hangedman_abyss_or_decor_slice, minmay_checkerbox, uniq_harold,
          uniq_erolcha, uniq_fannar
Temple:   regret_index_temple_chain_breaker
Lair:1:   layout_roguey, uniq_gastronok
Lair:2:   layout_loops_ring, minivault_19
Lair:3:   layout_long_grid, minmay_shoals_entry_centaurs,
          guppyfry_snake_entry_garden, minmay_lair_oklob_items
Lair:4:   layout_loops_ring, chequers_serial_rivers_micro_e,
          cheibrodos_lair_caveside_slide
Lair:5:   layout_cave_pods, nicolae_slime_entry_slimehenge,
          ebering_ghost_disaster_area, serial_forest,
          infiniplex_forest_clump_double, infiniplex_forest_lined_2,
          infiniplex_forest_split, infiniplex_forest_lined_3_way,
          infiniplex_forest_clump_double, infiniplex_forest_straight_2,
          infiniplex_staircase_pool, serial_bayou_shore_a, uniq_rupert
Slime:1:  layout_caves
Abyss:2:  base: D:9, hangedman_abyss_or_decor_passed

Skill      XL: |  1  2  3  4  5  6  7  8  9 10 11 12 13 |
---------------+----------------------------------------+-----
Transmutations | 3 4 5 6 7 9 11 13 | 13.0
Translocations | 1 4 |  4.0
Fighting       | 3 10 11 | 11.4
Conjurations   | 4 |  4.0
Air Magic      | 4 |  4.0
Poison Magic   | 4 |  4.0
Unarmed Combat | 5 |  5.6
Staves         | 2 8 9 |  9.3
Evocations     | 4 |  4.0
Dodging        | 4 5 |  5.6
Spellcasting   | |  2.0

Action                   |  1- 3 |  4- 6 |  7- 9 | 10-12 | 13-15 || total
-------------------------+-------+-------+-------+-------+-------++-------
Melee: Unarmed           |   114 |       |   189 |   353 |    78 ||   734
       Headbutt          |    16 |    10 |    23 |       |       ||    49
       Kick              |    22 |    10 |    34 |     1 |       ||    67
       Tailslap          |     6 |    12 |    20 |    11 |       ||    49
       Falchion          |    22 |    47 |       |       |       ||    69
       Punch             |     3 |     1 |     6 |       |       ||    10
       Rapier            |       |   126 |    50 |       |       ||   176
       Quarterstaff      |       |       |     8 |    88 |       ||    96
 Cast: Beastly Appendage |    29 |    10 |    14 |     2 |       ||    55
       Wereblood         |       |    12 |     4 |       |       ||    16
       Blink             |       |       |     2 |    16 |       ||    18
       Hydra Form        |       |       |    10 |    39 |     4 ||    53
       Mephitic Cloud    |       |       |       |     5 |       ||     5
 Abil: Breathe Fire      |       |       |    43 |    48 |     5 ||    96
Evoke: Wand              |       |       |       |     6 |       ||     6
  Use: Scroll            |       |       |     6 |    13 |       ||    19
       Potion            |       |       |     4 |     7 |       ||    11
 Stab: Sleeping          |       |       |       |     3 |       ||     3
       Confused          |       |       |       |     1 |       ||     1
Armor: Skin              |    42 |    74 |   112 |   166 |    30 ||   424
Dodge: Dodged            |    81 |   138 |   162 |   172 |    40 ||   593
       Rpst.: Falchion   |     1 |     9 |       |       |       ||    10

Table legend: (Time is in decaauts)
 A = Elapsed time spent in this place.
 B = Non-inter-level travel time spent in this place.
 C = Inter-level travel time spent in this place.
 D = Time resting spent in this place.
 E = Time spent auto-exploring this place.
 F = Levels seen in this place.
 G = Mean time per level.
                   A        B        C        D        E       F      G
               +--------+--------+--------+--------+--------+-----+--------+
         Total |  24186 |  23055 |   1131 |    751 |  18899 |  19 | 1272.9 |
       Dungeon |  16328 |  15556 |    772 |    353 |  12907 |  11 | 1484.4 |
        Temple |    156 |    140 |     16 |      0 |    133 |   1 |  156.0 |
          Lair |   7639 |   7297 |    342 |    398 |   5832 |   5 | 1527.8 |
    Slime Pits |      1 |      1 |      0 |      0 |      0 |   1 |    1.0 |
         Abyss |     60 |     60 |      0 |      0 |     26 |   1 |   60.0 |
               +--------+--------+--------+--------+--------+-----+--------+

Top non-repeatable levels by time:
     D:7: 2233 daAuts
     D:5: 2046 daAuts
  Lair:1: 1983 daAuts
     D:8: 1869 daAuts
  Lair:4: 1838 daAuts
    D:10: 1837 daAuts
  Lair:2: 1832 daAuts
     D:2: 1471 daAuts
     D:6: 1461 daAuts
     D:1: 1443 daAuts
  Lair:3: 1356 daAuts
     D:4: 1215 daAuts
     D:3: 1145 daAuts
     D:9: 982 daAuts
  Lair:5: 628 daAuts
